[ AOE2 MATCH · #484064365 ]
UnrankedBurgundians vs Cumans
[ REPLAY ANALYSIS · EXTRACTED FROM THE RECORDED GAME ]
Feudal
10:35
Castle
14:42
Imperial
31:56
| APM avg | 30.1 |
| APM peak | 75 |
| eAPM avg | 17.4 |
| Villagers / military | 138 / 407 |
Focus
⚔️ 22.7% · 🌾 77.3%
Knight ×174 · Hand Cannoneer ×112 · Scout Cavalry ×70 · Bombard Cannon ×43 · Monk ×4 · Spearman ×2
Feudal
—
Castle
—
Imperial
—
| APM avg | 31.2 |
| APM peak | 97 |
| eAPM avg | 20.8 |
| Villagers / military | 168 / 244 |
Focus
⚔️ 30.3% · 🌾 69.7%
Knight ×175 · Spearman ×32 · Scout Cavalry ×19 · Trebuchet (Packed) ×11 · Kipchak ×3 · Camel Scout ×2
Feudal
11:23
Castle
15:10
Imperial
36:23
| APM avg | 30.5 |
| APM peak | 77 |
| eAPM avg | 16.7 |
| Villagers / military | 142 / 501 |
Focus
⚔️ 34.3% · 🌾 65.7%
Spearman ×385 · Scorpion ×66 · Trade Cart ×37 · Scout Cavalry ×35 · Trebuchet (Packed) ×10 · Mangonel ×5
Feudal
10:27
Castle
22:17
Imperial
34:56
| APM avg | 17.0 |
| APM peak | 70 |
| eAPM avg | 13.6 |
| Villagers / military | 146 / 306 |
Focus
⚔️ 37.2% · 🌾 62.8%
Spearman ×294 · Mangonel ×10 · Militia ×2
Feudal
—
Castle
—
Imperial
—
| APM avg | 19.9 |
| APM peak | 50 |
| eAPM avg | 13.9 |
| Villagers / military | 199 / 398 |
Focus
⚔️ 31.0% · 🌾 69.0%
Hand Cannoneer ×242 · Scout Cavalry ×86 · Janissary ×45 · Bombard Cannon ×25
Feudal
10:07
Castle
17:41
Imperial
32:13
| APM avg | 19.3 |
| APM peak | 76 |
| eAPM avg | 10.9 |
| Villagers / military | 119 / 279 |
Focus
⚔️ 29.7% · 🌾 70.3%
Scout Cavalry ×195 · Janissary ×61 · Trade Cart ×33 · Bombard Cannon ×13 · Hand Cannoneer ×10
Feudal
11:03
Castle
14:47
Imperial
31:18
| APM avg | 29.1 |
| APM peak | 52 |
| eAPM avg | 25.1 |
| Villagers / military | 249 / 728 |
Focus
⚔️ 59.5% · 🌾 40.5%
Spearman ×265 · Skirmisher ×232 · Eagle Scout ×217 · Trade Cart ×17 · Plumed Archer ×9 · Trebuchet (Packed) ×5
Feudal
11:58
Castle
17:32
Imperial
37:17
| APM avg | 30.9 |
| APM peak | 75 |
| eAPM avg | 19.2 |
| Villagers / military | 153 / 164 |
Focus
⚔️ 21.7% · 🌾 78.3%
Archer ×80 · Skirmisher ×63 · Spearman ×7 · Longbowman ×5 · Trebuchet (Packed) ×4 · Militia ×2
Match map
Initial resources + every placement click. Lines = walls · curves = elevation contours. ◆ gold · ⬟ stone · ● berries · ✦ relic · ◌ wall gap
Inputs per minute
— 三文鱼 - - Brooony
Build order — 三文鱼
First 150 of 450 actions detected
| 0:01 | Create | Villager (Male) |
| 0:02 | Build | House |
| 0:05 | Build | House |
| 0:25 | Create | Villager (Male) |
| 0:26 | Create | Villager (Male) |
| 0:26 | Create | Villager (Male) |
| 1:37 | Create | Villager (Male) |
| 2:07 | Create | Villager (Male) |
| 2:12 | Build | Lumber Camp |
| 2:35 | Create | Villager (Male) |
| 2:35 | Create | Villager (Male) |
| 2:36 | Create | Villager (Male) |
| 2:38 | Create | Villager (Male) |
| 3:24 | Create | Villager (Male) |
| 3:54 | Build | House |
| 4:08 | Create | Villager (Male) |
| 4:09 | Create | Villager (Male) |
| 4:11 | Create | Villager (Male) |
| 4:11 | Create | Villager (Male) |
| 5:02 | Create | Villager (Male) |
| 5:02 | Create | Villager (Male) |
| 5:02 | Create | Villager (Male) |
| 5:45 | Create | Villager (Male) |
| 5:47 | Build | Mill |
| 5:52 | Build | House |
| 6:05 | Create | Villager (Male) |
| 6:06 | Create | Villager (Male) |
| 6:35 | Create | Villager (Male) |
| 7:26 | Build | Farm |
| 7:27 | Build | Farm |
| 7:57 | Create | Villager (Male) |
| 8:00 | Research | Feudal Age |
| 9:17 | Build | Mill |
| 9:22 | Create | Villager (Male) |
| 9:28 | Build | Mining Camp |
| 9:40 | Research | Double-Bit Axe |
| 10:35 | Age | Feudal Age |
| 10:45 | Create | Villager (Male) |
| 10:54 | Build | Market |
| 11:17 | Build | Blacksmith |
| 12:02 | Research | Castle Age |
| 12:03 | Research | Castle Age |
| 12:10 | Research | Horse Collar |
| 12:37 | Create | Villager (Male) |
| 12:48 | Research | Bow Saw |
| 13:17 | Research | Heavy Plow |
| 14:14 | Research | Loom |
| 14:19 | Research | Wheelbarrow |
| 14:23 | Create | Villager (Male) |
| 14:42 | Age | Castle Age |
| 14:51 | Build | Siege Workshop |
| 15:19 | Research | Two-Man Saw |
| 15:38 | Build | House |
| 15:41 | Build | House |
| 15:47 | Create | Battering Ram |
| 16:23 | Build | Palisade Gate |
| 16:38 | Build | Monastery |
| 16:54 | Create | Villager (Male) ×5 |
| 17:06 | Build | House |
| 17:08 | Create | Villager (Male) |
| 17:22 | Create | Monk |
| 17:23 | Create | Villager (Male) |
| 17:28 | Build | House |
| 17:49 | Create | Villager (Male) |
| 17:58 | Build | Town Center |
| 18:20 | Build | House |
| 18:21 | Create | Villager (Male) |
| 18:38 | Create | Villager (Male) |
| 18:46 | Build | Town Center |
| 19:04 | Create | Villager (Male) |
| 19:05 | Create | Villager (Male) |
| 19:18 | Create | Monk |
| 19:48 | Create | Villager (Male) |
| 19:52 | Build | Farm |
| 19:52 | Build | Farm |
| 19:53 | Build | Farm |
| 19:54 | Build | Farm |
| 19:54 | Build | Farm |
| 19:55 | Build | Farm |
| 19:55 | Build | Farm |
| 20:05 | Build | House |
| 20:33 | Create | Villager (Male) |
| 20:45 | Build | Farm |
| 20:45 | Build | Farm |
| 20:45 | Build | Farm |
| 20:46 | Build | Farm |
| 20:46 | Build | Farm |
| 20:46 | Build | Farm |
| 20:46 | Build | Farm |
| 20:47 | Build | Farm |
| 20:59 | Create | Villager (Male) |
| 20:59 | Create | Villager (Male) |
| 21:15 | Create | Villager (Male) |
| 21:25 | Create | Villager (Male) |
| 21:30 | Build | Farm |
| 21:30 | Build | Farm |
| 21:30 | Build | Farm |
| 21:30 | Build | Farm |
| 21:31 | Build | Farm |
| 21:31 | Build | Farm |
| 21:31 | Build | Farm |
| 21:31 | Build | Farm |
| 21:32 | Build | Farm |
| 21:55 | Create | Villager (Male) |
| 22:00 | Build | House |
| 22:02 | Build | House |
| 22:03 | Create | Villager (Male) |
| 22:24 | Create | Villager (Male) |
| 22:31 | Build | Town Center |
| 22:34 | Create | Villager (Male) |
| 22:35 | Create | Villager (Male) |
| 22:35 | Create | Villager (Male) |
| 22:39 | Build | House |
| 22:40 | Build | House |
| 22:44 | Create | Villager (Male) |
| 23:03 | Create | Villager (Male) |
| 23:04 | Create | Villager (Male) |
| 23:04 | Create | Villager (Male) |
| 23:11 | Build | Lumber Camp |
| 23:18 | Build | Farm |
| 23:18 | Build | Farm |
| 23:18 | Build | Farm |
| 23:19 | Build | Farm |
| 23:19 | Build | Farm |
| 23:19 | Build | Farm |
| 23:19 | Build | Farm |
| 23:20 | Build | Farm |
| 23:24 | Create | Villager (Male) |
| 23:24 | Create | Villager (Male) |
| 23:25 | Create | Villager (Male) |
| 23:25 | Create | Villager (Male) |
| 23:41 | Create | Villager (Male) |
| 23:42 | Create | Villager (Male) |
| 23:42 | Create | Villager (Male) |
| 23:43 | Create | Villager (Male) |
| 23:56 | Create | Battering Ram |
| 24:10 | Create | Monk |
| 24:13 | Create | Villager (Male) |
| 24:13 | Create | Villager (Male) |
| 24:14 | Create | Villager (Male) |
| 24:22 | Build | Mill |
| 24:26 | Build | Farm |
| 24:31 | Build | Farm |
| 24:32 | Create | Villager (Male) |
| 24:33 | Create | Villager (Male) |
| 24:43 | Create | Villager (Male) |
| 24:43 | Create | Villager (Male) |
| 24:46 | Build | Farm |
| 24:51 | Create | Villager (Male) |
| 24:51 | Create | Villager (Male) |
Build order — Brooony
First 150 of 505 actions detected
| 0:02 | Create | Villager (Male) |
| 0:02 | Create | Villager (Male) |
| 0:02 | Create | Villager (Male) |
| 0:03 | Create | Villager (Male) |
| 0:03 | Create | Villager (Male) |
| 0:05 | Build | House |
| 0:07 | Build | House |
| 1:34 | Create | Villager (Male) |
| 1:34 | Create | Villager (Male) |
| 1:34 | Create | Villager (Male) |
| 1:57 | Create | Villager (Male) |
| 2:01 | Build | Lumber Camp |
| 2:32 | Create | Villager (Male) |
| 2:32 | Create | Villager (Male) |
| 3:04 | Build | House |
| 3:05 | Create | Villager (Male) |
| 3:05 | Create | Villager (Male) |
| 3:05 | Create | Villager (Male) |
| 3:06 | Create | Villager (Male) |
| 3:13 | Build | House |
| 3:48 | Build | Palisade Gate |
| 3:54 | Create | Villager (Male) |
| 3:54 | Create | Villager (Male) |
| 4:09 | Create | Villager (Male) |
| 4:09 | Create | Villager (Male) |
| 4:44 | Create | Villager (Male) |
| 4:44 | Create | Villager (Male) |
| 4:44 | Create | Villager (Male) |
| 4:52 | Build | Palisade Wall |
| 5:02 | Create | Villager (Male) |
| 5:02 | Create | Villager (Male) |
| 5:02 | Create | Villager (Male) |
| 5:02 | Create | Villager (Male) |
| 5:58 | Build | Mill |
| 6:01 | Create | Villager (Male) |
| 6:10 | Build | Mill |
| 6:14 | Research | Loom |
| 7:30 | Research | Feudal Age |
| 7:30 | Research | Feudal Age |
| 7:30 | Research | Feudal Age |
| 9:43 | Create | Villager (Male) |
| 9:53 | Build | Town Center |
| 10:03 | Create | Villager (Male) |
| 10:24 | Create | Villager (Male) |
| 11:00 | Create | Villager (Male) |
| 11:01 | Create | Villager (Male) |
| 11:03 | Create | Villager (Male) |
| 11:03 | Create | Villager (Male) |
| 11:03 | Create | Villager (Male) |
| 11:38 | Create | Villager (Male) |
| 11:51 | Build | House |
| 11:55 | Build | House |
| 11:56 | Build | House |
| 12:19 | Create | Villager (Male) |
| 12:19 | Create | Villager (Male) |
| 12:19 | Create | Villager (Male) |
| 12:19 | Create | Villager (Male) |
| 12:19 | Create | Villager (Male) |
| 12:19 | Create | Villager (Male) |
| 13:03 | Build | Farm |
| 13:04 | Build | Farm |
| 13:09 | Build | Farm |
| 13:10 | Build | Farm |
| 13:11 | Build | Farm |
| 13:12 | Build | Farm |
| 13:27 | Build | Palisade Gate |
| 13:33 | Create | Villager (Male) |
| 13:33 | Create | Villager (Male) |
| 13:36 | Build | Farm |
| 13:37 | Build | Farm |
| 13:38 | Build | Farm |
| 13:39 | Build | Farm |
| 13:45 | Build | Farm |
| 13:51 | Create | Villager (Male) |
| 13:52 | Create | Villager (Male) |
| 13:57 | Build | Palisade Wall |
| 14:01 | Build | Palisade Wall |
| 14:03 | Build | Palisade Wall |
| 14:07 | Create | Villager (Male) |
| 14:08 | Create | Villager (Male) |
| 14:08 | Create | Villager (Male) |
| 14:08 | Create | Villager (Male) |
| 14:08 | Create | Villager (Male) |
| 14:15 | Build | House |
| 14:20 | Build | House |
| 14:34 | Create | Villager (Male) |
| 14:35 | Create | Villager (Male) |
| 14:56 | Build | Blacksmith |
| 14:59 | Build | House |
| 15:00 | Build | House |
| 15:07 | Create | Villager (Male) |
| 15:08 | Create | Villager (Male) |
| 15:18 | Build | Barracks |
| 15:57 | Create | Villager (Male) |
| 15:57 | Create | Villager (Male) |
| 15:58 | Create | Villager (Male) |
| 15:59 | Create | Villager (Male) |
| 16:06 | Build | House |
| 16:09 | Build | Farm |
| 16:09 | Build | Farm |
| 16:10 | Build | Farm |
| 16:10 | Build | Farm |
| 16:11 | Build | Farm |
| 16:25 | Build | Stable |
| 16:47 | Build | House |
| 16:48 | Build | House |
| 16:50 | Build | House |
| 16:54 | Build | House |
| 16:56 | Create | Villager (Male) |
| 16:56 | Create | Villager (Male) |
| 17:40 | Research | Castle Age |
| 17:49 | Create | Villager (Male) |
| 17:49 | Create | Villager (Male) |
| 17:55 | Build | Farm |
| 18:08 | Create | Villager (Male) |
| 18:33 | Research | Forging |
| 18:45 | Create | Villager (Male) |
| 18:45 | Create | Villager (Male) |
| 19:05 | Build | Farm |
| 19:07 | Create | Villager (Male) |
| 19:07 | Create | Villager (Male) |
| 19:14 | Build | Farm |
| 19:15 | Build | Farm |
| 19:15 | Build | Farm |
| 19:16 | Build | Farm |
| 19:17 | Build | Farm |
| 19:17 | Build | Farm |
| 19:17 | Build | Farm |
| 19:17 | Build | Farm |
| 19:18 | Build | Farm |
| 19:26 | Build | Mining Camp |
| 19:31 | Research | Scale Barding Armor |
| 19:39 | Build | Stable |
| 19:47 | Build | Stable |
| 19:50 | Build | Stable |
| 19:56 | Research | Bloodlines |
| 20:01 | Create | Villager (Male) |
| 20:10 | Build | Farm |
| 20:10 | Build | Farm |
| 20:10 | Build | Farm |
| 20:10 | Build | Farm |
| 20:11 | Build | Farm |
| 20:11 | Build | Farm |
| 20:26 | Research | Wheelbarrow |
| 20:34 | Create | Villager (Male) |
| 21:00 | Create | Villager (Male) |
| 21:01 | Create | Villager (Male) |
| 21:08 | Build | Farm |
| 21:11 | Research | Horse Collar |
| 21:14 | Research | Double-Bit Axe |
Build order — Merkatroid
First 150 of 535 actions detected
| 0:01 | Build | House |
| 0:03 | Build | House |
| 0:03 | Create | Villager (Male) |
| 0:03 | Create | Villager (Male) |
| 0:22 | Create | Villager (Male) |
| 0:23 | Create | Villager (Male) |
| 1:25 | Create | Villager (Male) |
| 1:45 | Build | Lumber Camp |
| 1:52 | Create | Villager (Male) |
| 2:23 | Create | Villager (Male) |
| 2:47 | Create | Villager (Male) |
| 2:59 | Create | Villager (Male) |
| 3:30 | Build | House |
| 3:35 | Create | Villager (Male) |
| 4:02 | Create | Villager (Male) |
| 4:12 | Build | House |
| 4:23 | Build | House |
| 4:26 | Build | House |
| 4:38 | Create | Villager (Male) |
| 4:48 | Create | Villager (Male) |
| 4:51 | Create | Villager (Male) |
| 5:12 | Build | Palisade Wall |
| 5:42 | Create | Villager (Male) |
| 5:43 | Create | Villager (Male) |
| 6:13 | Create | Villager (Male) |
| 6:35 | Build | Mill |
| 6:43 | Build | Mining Camp |
| 6:54 | Create | Villager (Male) |
| 7:09 | Build | Lumber Camp |
| 7:20 | Create | Villager (Male) |
| 7:33 | Create | Villager (Male) |
| 8:00 | Create | Villager (Male) |
| 8:19 | Research | Feudal Age |
| 8:23 | Create | Villager (Male) |
| 8:38 | Create | Villager (Male) |
| 8:53 | Research | Feudal Age |
| 9:55 | Create | Villager (Male) |
| 10:39 | Build | Barracks |
| 11:23 | Age | Feudal Age |
| 11:26 | Build | Blacksmith |
| 11:28 | Build | Market |
| 11:36 | Create | Villager (Male) |
| 11:55 | Build | Stable |
| 12:30 | Research | Castle Age |
| 12:30 | Research | Castle Age |
| 13:44 | Build | Farm |
| 13:44 | Build | Farm |
| 13:45 | Build | Farm |
| 13:47 | Build | Farm |
| 13:48 | Build | Farm |
| 13:48 | Build | Farm |
| 13:48 | Build | Farm |
| 14:05 | Build | Lumber Camp |
| 14:21 | Create | Villager (Male) |
| 14:34 | Research | Double-Bit Axe |
| 15:10 | Age | Castle Age |
| 15:11 | Build | Town Center |
| 15:28 | Build | House |
| 15:36 | Create | Villager (Male) |
| 15:37 | Create | Villager (Male) |
| 15:56 | Build | Town Center |
| 16:03 | Create | Villager (Male) |
| 16:06 | Build | Farm |
| 16:41 | Build | Town Center |
| 16:46 | Create | Villager (Male) |
| 16:49 | Build | House |
| 16:50 | Build | House |
| 16:52 | Build | House |
| 16:53 | Build | House |
| 17:01 | Create | Villager (Male) |
| 17:10 | Research | Man-at-Arms (upgrade) |
| 17:26 | Research | Bow Saw |
| 17:29 | Research | Horse Collar |
| 17:30 | Create | Villager (Male) |
| 17:36 | Create | Villager (Male) |
| 17:38 | Build | Farm |
| 17:40 | Build | Farm |
| 17:47 | Build | Farm |
| 17:52 | Create | Villager (Male) |
| 18:03 | Build | Farm |
| 18:11 | Build | Farm |
| 18:13 | Create | Villager (Male) |
| 18:23 | Create | Villager (Male) |
| 18:23 | Create | Villager (Male) |
| 18:26 | Build | Farm |
| 18:31 | Create | Villager (Male) |
| 18:41 | Build | Farm |
| 18:47 | Build | Farm |
| 18:51 | Build | Farm |
| 18:52 | Create | Villager (Male) |
| 18:52 | Create | Villager (Male) |
| 18:58 | Build | House |
| 19:01 | Create | Villager (Male) |
| 19:06 | Create | Villager (Male) |
| 19:07 | Create | Villager (Male) |
| 19:11 | Build | Siege Workshop |
| 19:21 | Create | Villager (Male) |
| 19:29 | Create | Villager (Male) |
| 19:29 | Create | Villager (Male) |
| 19:33 | Build | Farm |
| 19:35 | Build | Farm |
| 19:39 | Build | Farm |
| 19:41 | Create | Villager (Male) |
| 19:41 | Create | Villager (Male) |
| 19:45 | Build | Farm |
| 19:49 | Build | Farm |
| 19:51 | Create | Villager (Male) |
| 19:56 | Build | Farm |
| 19:57 | Create | Villager (Male) |
| 19:57 | Create | Villager (Male) |
| 20:03 | Create | Villager (Male) |
| 20:09 | Create | Scorpion |
| 20:13 | Create | Villager (Male) |
| 20:19 | Create | Villager (Male) |
| 20:19 | Create | Villager (Male) |
| 20:26 | Create | Villager (Male) |
| 20:30 | Build | Farm |
| 20:31 | Create | Villager (Male) |
| 20:38 | Build | Farm |
| 20:41 | Build | Farm |
| 20:42 | Create | Villager (Male) |
| 20:42 | Create | Villager (Male) |
| 20:45 | Create | Villager (Male) |
| 20:53 | Build | Siege Workshop |
| 20:57 | Create | Villager (Male) |
| 20:57 | Create | Villager (Male) |
| 20:57 | Create | Villager (Male) |
| 21:03 | Create | Villager (Male) |
| 21:03 | Create | Villager (Male) |
| 21:12 | Create | Villager (Male) |
| 21:12 | Create | Villager (Male) |
| 21:15 | Create | Scorpion |
| 21:19 | Create | Scorpion |
| 21:20 | Create | Villager (Male) |
| 21:20 | Create | Villager (Male) |
| 21:20 | Create | Villager (Male) |
| 21:27 | Create | Villager (Male) |
| 21:33 | Build | Mill |
| 21:37 | Build | Farm |
| 21:38 | Create | Villager (Male) |
| 21:38 | Create | Villager (Male) |
| 21:42 | Create | Scorpion |
| 21:44 | Create | Scorpion |
| 21:50 | Build | House |
| 21:52 | Create | Villager (Male) |
| 21:54 | Create | Villager (Male) |
| 21:55 | Create | Villager (Male) |
| 21:55 | Create | Villager (Male) |
| 22:02 | Create | Villager (Male) |
| 22:02 | Create | Villager (Male) |
Build order — Cheuksin
First 150 of 452 actions detected
| 0:01 | Create | Villager (Male) |
| 0:01 | Create | Villager (Male) |
| 0:03 | Build | House |
| 0:04 | Create | Villager (Male) |
| 0:06 | Build | House |
| 0:17 | Create | Villager (Male) |
| 0:17 | Create | Villager (Male) |
| 1:27 | Create | Villager (Male) |
| 1:57 | Create | Villager (Male) |
| 1:57 | Create | Villager (Male) |
| 2:19 | Build | Lumber Camp |
| 2:25 | Create | Villager (Male) |
| 2:25 | Create | Villager (Male) |
| 2:57 | Create | Villager (Male) |
| 2:57 | Create | Villager (Male) |
| 3:28 | Create | Villager (Male) |
| 3:28 | Create | Villager (Male) |
| 3:28 | Create | Villager (Male) |
| 3:28 | Create | Villager (Male) |
| 3:57 | Build | House |
| 4:17 | Create | Villager (Male) |
| 4:17 | Create | Villager (Male) |
| 4:30 | Build | House |
| 4:38 | Create | Villager (Male) |
| 5:57 | Create | Villager (Male) |
| 5:58 | Create | Villager (Male) |
| 5:58 | Create | Villager (Male) |
| 5:58 | Create | Villager (Male) |
| 6:35 | Create | Villager (Male) |
| 6:36 | Create | Villager (Male) |
| 6:36 | Create | Villager (Male) |
| 7:40 | Create | Villager (Male) |
| 7:43 | Build | Mill |
| 8:17 | Research | Feudal Age |
| 8:17 | Research | Feudal Age |
| 8:22 | Research | Loom |
| 8:36 | Build | Mill |
| 9:31 | Build | Mining Camp |
| 9:34 | Build | Farm |
| 9:35 | Build | Farm |
| 9:36 | Build | Farm |
| 10:07 | Build | Farm |
| 10:25 | Build | House |
| 10:27 | Age | Feudal Age |
| 10:44 | Create | Villager (Male) ×5 |
| 11:10 | Build | Watch Tower |
| 11:46 | Build | Farm |
| 11:49 | Build | Farm |
| 12:11 | Build | Watch Tower |
| 12:13 | Create | Villager (Male) |
| 12:13 | Create | Villager (Male) |
| 12:13 | Create | Villager (Male) |
| 12:32 | Build | House |
| 12:33 | Build | House |
| 12:57 | Build | Watch Tower |
| 13:19 | Create | Villager (Male) |
| 13:19 | Create | Villager (Male) |
| 13:45 | Build | Mining Camp |
| 14:27 | Build | Watch Tower |
| 14:31 | Create | Villager (Male) |
| 14:32 | Create | Villager (Male) |
| 14:39 | Build | House |
| 15:10 | Create | Villager (Male) |
| 15:15 | Build | House |
| 15:15 | Build | House |
| 15:44 | Build | House |
| 16:56 | Build | Watch Tower |
| 17:14 | Build | Blacksmith |
| 17:17 | Create | Villager (Male) |
| 17:17 | Create | Villager (Male) |
| 17:18 | Create | Villager (Male) |
| 18:15 | Research | Fletching |
| 18:16 | Research | Padded Archer Armor |
| 18:36 | Build | Market |
| 18:40 | Research | Double-Bit Axe |
| 19:30 | Build | Watch Tower |
| 19:34 | Create | Villager (Male) |
| 19:37 | Research | Castle Age |
| 19:38 | Create | Villager (Male) |
| 19:40 | Build | Farm |
| 19:41 | Build | Farm |
| 22:17 | Age | Castle Age |
| 22:52 | Create | Villager (Male) |
| 22:52 | Create | Villager (Male) |
| 22:53 | Create | Villager (Male) |
| 22:53 | Create | Villager (Male) |
| 22:53 | Create | Villager (Male) |
| 23:14 | Research | Bodkin Arrow |
| 23:20 | Build | Castle |
| 23:27 | Build | Town Center |
| 23:29 | Build | Town Center |
| 23:31 | Build | Town Center |
| 24:22 | Research | Bow Saw |
| 24:22 | Research | Bow Saw |
| 24:25 | Research | Horse Collar |
| 25:07 | Create | Villager (Male) |
| 25:07 | Create | Villager (Male) |
| 25:11 | Build | Farm |
| 25:12 | Build | Farm |
| 25:14 | Research | Heavy Plow |
| 25:15 | Create | Villager (Male) |
| 25:16 | Create | Villager (Male) |
| 25:40 | Create | Villager (Male) |
| 25:40 | Create | Villager (Male) |
| 25:40 | Create | Villager (Male) |
| 25:41 | Create | Villager (Male) |
| 26:03 | Build | Farm |
| 26:04 | Build | Farm |
| 26:06 | Build | Farm |
| 26:07 | Build | Farm |
| 26:12 | Build | Farm |
| 26:13 | Build | Farm |
| 26:14 | Build | Farm |
| 26:15 | Build | Farm |
| 26:16 | Build | Farm |
| 26:18 | Create | Villager (Male) |
| 26:18 | Create | Villager (Male) |
| 26:19 | Create | Villager (Male) |
| 26:33 | Build | Farm |
| 26:35 | Build | Farm |
| 26:37 | Build | Farm |
| 26:44 | Create | Villager (Male) |
| 26:45 | Create | Villager (Male) |
| 26:46 | Create | Villager (Male) |
| 26:53 | Create | Villager (Male) |
| 26:59 | Build | Farm |
| 27:04 | Build | Farm |
| 27:06 | Create | Villager (Male) |
| 27:20 | Build | Farm |
| 27:21 | Build | Farm |
| 27:22 | Build | Farm |
| 27:23 | Build | Farm |
| 27:26 | Create | Villager (Male) |
| 27:26 | Create | Villager (Male) |
| 27:27 | Create | Villager (Male) |
| 27:32 | Build | Farm |
| 27:41 | Create | Villager (Male) |
| 27:53 | Create | Villager (Male) |
| 27:53 | Create | Villager (Male) |
| 28:03 | Build | Mill |
| 28:04 | Build | Farm |
| 28:04 | Build | Farm |
| 28:05 | Build | Farm |
| 28:05 | Build | Farm |
| 28:05 | Build | Farm |
| 28:05 | Build | Farm |
| 28:06 | Build | Farm |
| 28:06 | Build | Farm |
| 28:09 | Create | Villager (Male) |
| 28:09 | Create | Villager (Male) |
Build order — AJ24061996
First 150 of 438 actions detected
| 0:02 | Create | Villager (Male) ×4 |
| 0:04 | Build | House |
| 0:06 | Build | House |
| 1:25 | Create | Villager (Male) |
| 1:25 | Create | Villager (Male) |
| 2:13 | Create | Villager (Male) |
| 2:49 | Build | Lumber Camp |
| 2:58 | Create | Villager (Male) |
| 2:58 | Create | Villager (Male) |
| 2:58 | Create | Villager (Male) |
| 4:05 | Create | Villager (Male) |
| 4:05 | Create | Villager (Male) |
| 5:26 | Create | Villager (Male) |
| 5:27 | Create | Villager (Male) |
| 5:27 | Create | Villager (Male) |
| 5:27 | Create | Villager (Male) |
| 5:28 | Create | Villager (Male) |
| 5:31 | Build | House |
| 6:29 | Create | Villager (Male) |
| 6:29 | Create | Villager (Male) |
| 6:29 | Create | Villager (Male) |
| 6:48 | Build | House |
| 6:53 | Create | Villager (Male) |
| 6:53 | Create | Villager (Male) |
| 8:16 | Build | House |
| 8:52 | Build | Mill |
| 9:07 | Build | Barracks |
| 9:12 | Build | House |
| 9:14 | Build | House |
| 9:15 | Build | House |
| 9:33 | Create | Villager (Male) |
| 10:15 | Create | Villager (Male) |
| 10:15 | Create | Villager (Male) |
| 10:53 | Build | Mining Camp |
| 11:30 | Research | Feudal Age |
| 12:30 | Create | Villager (Male) |
| 12:30 | Create | Villager (Male) |
| 12:41 | Build | Farm |
| 12:42 | Build | Farm |
| 12:44 | Build | Farm |
| 12:46 | Build | Farm |
| 13:55 | Build | Stable |
| 14:15 | Build | Blacksmith |
| 14:30 | Create | Villager (Male) |
| 14:53 | Build | Market |
| 15:03 | Research | Wheelbarrow |
| 16:03 | Create | Villager (Male) |
| 16:07 | Research | Castle Age |
| 16:24 | Build | Mining Camp |
| 16:40 | Create | Villager (Male) |
| 16:40 | Create | Villager (Male) |
| 17:19 | Research | Double-Bit Axe |
| 17:21 | Research | Horse Collar |
| 17:24 | Research | Stone Mining |
| 17:27 | Research | Gold Mining |
| 19:04 | Build | Town Center |
| 19:10 | Build | Town Center |
| 19:15 | Research | Bow Saw |
| 19:17 | Research | Heavy Plow |
| 19:38 | Research | Gold Shaft Mining |
| 20:15 | Create | Villager (Male) |
| 20:15 | Create | Villager (Male) |
| 20:19 | Build | Farm |
| 20:23 | Build | Farm |
| 20:26 | Build | Farm |
| 20:31 | Build | Farm |
| 20:37 | Build | Farm |
| 20:46 | Build | Farm |
| 20:51 | Build | Farm |
| 20:52 | Create | Villager (Male) |
| 20:52 | Create | Villager (Male) |
| 21:01 | Build | House |
| 21:04 | Build | Farm |
| 21:23 | Create | Villager (Male) |
| 21:23 | Create | Villager (Male) |
| 21:24 | Create | Villager (Male) |
| 21:24 | Create | Villager (Male) |
| 21:24 | Create | Villager (Male) |
| 21:24 | Create | Villager (Male) |
| 21:25 | Create | Villager (Male) |
| 21:32 | Build | Lumber Camp |
| 21:41 | Create | Villager (Male) |
| 21:58 | Create | Villager (Male) |
| 22:09 | Build | House |
| 22:11 | Build | House |
| 22:14 | Build | House |
| 22:15 | Build | House |
| 22:16 | Build | House |
| 22:21 | Create | Villager (Male) |
| 22:22 | Create | Villager (Male) |
| 22:22 | Create | Villager (Male) |
| 22:25 | Create | Villager (Male) |
| 22:36 | Build | Farm |
| 22:42 | Build | Farm |
| 22:48 | Build | Farm |
| 22:51 | Build | Farm |
| 22:53 | Build | Farm |
| 22:58 | Build | Farm |
| 22:59 | Create | Villager (Male) |
| 22:59 | Create | Villager (Male) |
| 22:59 | Create | Villager (Male) |
| 23:01 | Create | Villager (Male) |
| 23:12 | Build | Farm |
| 23:13 | Build | Farm |
| 23:18 | Build | Farm |
| 23:19 | Create | Villager (Male) |
| 23:20 | Create | Villager (Male) |
| 23:23 | Build | Farm |
| 23:30 | Create | Villager (Male) |
| 23:49 | Build | Castle |
| 23:56 | Create | Villager (Male) |
| 23:57 | Create | Villager (Male) |
| 23:57 | Create | Villager (Male) |
| 24:05 | Create | Villager (Male) |
| 24:05 | Create | Villager (Male) |
| 24:19 | Create | Villager (Male) |
| 24:19 | Create | Villager (Male) |
| 24:20 | Create | Villager (Male) |
| 24:20 | Create | Villager (Male) |
| 24:41 | Build | Town Center |
| 24:55 | Build | Farm |
| 24:58 | Build | Farm |
| 25:21 | Build | Town Center |
| 25:32 | Research | Hand Cart |
| 25:33 | Create | Villager (Male) |
| 25:34 | Create | Villager (Male) |
| 25:34 | Create | Villager (Male) |
| 25:34 | Create | Villager (Male) |
| 25:34 | Create | Villager (Male) |
| 25:35 | Create | Villager (Male) |
| 25:35 | Create | Villager (Male) |
| 25:39 | Build | Farm |
| 25:56 | Build | University |
| 26:08 | Create | Villager (Male) |
| 26:08 | Create | Villager (Male) |
| 26:09 | Create | Villager (Male) |
| 26:09 | Create | Villager (Male) |
| 26:09 | Create | Villager (Male) |
| 26:10 | Create | Villager (Male) |
| 26:19 | Build | Farm |
| 26:20 | Build | Farm |
| 26:25 | Build | Farm |
| 26:32 | Build | Farm |
| 26:35 | Build | Farm |
| 26:39 | Build | Farm |
| 26:40 | Build | Farm |
| 26:54 | Build | Farm |
| 27:00 | Create | Villager (Male) |
| 27:00 | Create | Villager (Male) |
| 27:00 | Create | Villager (Male) |
Build order — Wonky
First 150 of 364 actions detected
| 0:01 | Create | Villager (Male) |
| 0:01 | Create | Villager (Male) |
| 0:02 | Create | Villager (Male) |
| 0:02 | Create | Villager (Male) |
| 0:02 | Create | Villager (Male) |
| 0:03 | Build | House |
| 0:05 | Build | House |
| 1:31 | Create | Villager (Male) |
| 2:03 | Create | Villager (Male) |
| 2:03 | Create | Villager (Male) |
| 2:25 | Create | Villager (Male) |
| 2:44 | Create | Villager (Male) |
| 2:45 | Create | Villager (Male) |
| 3:21 | Create | Villager (Male) |
| 3:29 | Build | Mill |
| 3:42 | Create | Villager (Male) |
| 3:42 | Create | Villager (Male) |
| 3:49 | Build | House |
| 4:24 | Create | Villager (Male) |
| 4:24 | Create | Villager (Male) |
| 4:32 | Create | Villager (Male) |
| 4:32 | Create | Villager (Male) |
| 4:33 | Create | Villager (Male) |
| 4:33 | Create | Villager (Male) |
| 4:58 | Create | Villager (Male) |
| 5:11 | Build | House |
| 6:18 | Build | Lumber Camp |
| 6:27 | Create | Villager (Male) |
| 6:53 | Create | Villager (Male) |
| 7:09 | Create | Villager (Male) |
| 7:57 | Research | Feudal Age |
| 8:33 | Build | Palisade Wall |
| 8:38 | Build | Palisade Gate |
| 9:03 | Build | Mining Camp |
| 9:19 | Build | Barracks |
| 9:45 | Build | House |
| 10:07 | Age | Feudal Age |
| 10:11 | Research | Horse Collar |
| 10:13 | Research | Double-Bit Axe |
| 10:20 | Build | Farm |
| 10:21 | Create | Villager (Male) |
| 10:22 | Create | Villager (Male) |
| 10:39 | Build | Farm |
| 10:51 | Build | House |
| 11:09 | Create | Villager (Male) |
| 11:15 | Build | Farm |
| 11:48 | Build | Farm |
| 11:52 | Build | Farm |
| 11:57 | Create | Villager (Male) |
| 11:59 | Create | Villager (Male) |
| 12:06 | Build | Farm |
| 12:30 | Build | Farm |
| 12:41 | Create | Villager (Male) |
| 13:06 | Build | Blacksmith |
| 13:17 | Create | Villager (Male) |
| 13:25 | Build | Farm |
| 14:08 | Build | Stable |
| 14:16 | Create | Villager (Male) |
| 15:01 | Research | Castle Age |
| 15:22 | Build | Market |
| 15:30 | Build | Mining Camp |
| 15:35 | Create | Villager (Male) |
| 15:42 | Create | Scout Cavalry |
| 15:47 | Research | Bloodlines |
| 16:29 | Research | Scale Barding Armor |
| 17:41 | Age | Castle Age |
| 18:16 | Create | Villager (Male) |
| 18:17 | Create | Villager (Male) |
| 18:29 | Build | Town Center |
| 18:37 | Build | Town Center |
| 18:42 | Research | Bow Saw |
| 18:45 | Research | Heavy Plow |
| 18:47 | Create | Villager (Male) |
| 19:12 | Research | Stone Mining |
| 19:37 | Create | Villager (Male) |
| 19:39 | Create | Villager (Male) |
| 19:45 | Build | House |
| 19:49 | Build | House |
| 19:56 | Create | Villager (Male) |
| 20:03 | Research | Loom |
| 20:21 | Build | House |
| 20:23 | Build | House |
| 20:28 | Create | Villager (Male) |
| 20:28 | Create | Villager (Male) |
| 20:28 | Create | Villager (Male) |
| 20:35 | Build | Farm |
| 20:39 | Build | Farm |
| 20:41 | Create | Villager (Male) |
| 20:41 | Create | Villager (Male) |
| 20:59 | Create | Villager (Male) |
| 20:59 | Create | Villager (Male) |
| 21:03 | Create | Villager (Male) |
| 21:07 | Build | Farm |
| 21:12 | Build | Farm |
| 21:22 | Build | Farm |
| 21:30 | Build | Farm |
| 21:46 | Build | Castle |
| 21:54 | Create | Scout Cavalry |
| 22:00 | Create | Villager (Male) |
| 22:00 | Create | Villager (Male) |
| 22:00 | Create | Villager (Male) |
| 22:04 | Build | Farm |
| 22:11 | Build | House |
| 22:14 | Build | House |
| 22:28 | Build | Farm |
| 22:30 | Build | Farm |
| 22:33 | Build | Farm |
| 22:34 | Create | Villager (Male) |
| 22:34 | Create | Villager (Male) |
| 22:34 | Create | Villager (Male) |
| 22:35 | Create | Villager (Male) |
| 22:51 | Research | Gold Mining |
| 23:03 | Build | Farm |
| 23:06 | Build | Farm |
| 23:09 | Build | Farm |
| 23:16 | Build | House |
| 23:38 | Create | Villager (Male) |
| 23:39 | Create | Villager (Male) |
| 23:44 | Build | Farm |
| 23:59 | Build | Stone Wall |
| 24:03 | Build | Building 487 |
| 24:10 | Build | Mining Camp |
| 24:28 | Create | Janissary |
| 24:28 | Create | Janissary |
| 24:34 | Build | Farm |
| 24:36 | Create | Villager (Male) |
| 24:36 | Create | Villager (Male) |
| 24:36 | Create | Villager (Male) |
| 24:36 | Create | Villager (Male) |
| 24:57 | Create | Villager (Male) |
| 24:57 | Create | Villager (Male) |
| 24:57 | Create | Villager (Male) |
| 24:58 | Create | Villager (Male) |
| 25:26 | Build | Farm |
| 25:39 | Build | Market |
| 25:41 | Build | Market |
| 25:51 | Create | Villager (Male) |
| 25:51 | Create | Villager (Male) |
| 25:51 | Create | Villager (Male) |
| 25:52 | Create | Villager (Male) |
| 25:52 | Create | Villager (Male) |
| 25:52 | Create | Villager (Male) |
| 25:53 | Create | Villager (Male) |
| 25:53 | Create | Villager (Male) |
| 26:13 | Build | Farm |
| 26:16 | Build | Farm |
| 26:24 | Build | Farm |
| 26:31 | Create | Villager (Male) |
| 26:31 | Create | Villager (Male) |
| 26:31 | Create | Villager (Male) |
Build order — harry_mason
First 150 of 1227 actions detected
| 0:02 | Create | Villager (Male) |
| 0:06 | Research | Loom |
| 0:06 | Research | Loom |
| 0:08 | Build | House |
| 0:09 | Build | House |
| 0:22 | Create | Villager (Male) |
| 0:22 | Create | Villager (Male) |
| 0:22 | Create | Villager (Male) |
| 0:22 | Create | Villager (Male) |
| 1:36 | Create | Villager (Male) |
| 1:36 | Create | Villager (Male) |
| 1:36 | Create | Villager (Male) |
| 1:37 | Create | Villager (Male) |
| 1:58 | Create | Villager (Male) |
| 1:58 | Create | Villager (Male) |
| 1:59 | Create | Villager (Male) |
| 2:17 | Build | Lumber Camp |
| 2:25 | Create | Villager (Male) |
| 2:35 | Create | Villager (Male) |
| 3:06 | Create | Villager (Male) |
| 3:07 | Create | Villager (Male) |
| 3:07 | Create | Villager (Male) |
| 3:07 | Create | Villager (Male) |
| 3:22 | Create | Villager (Male) |
| 3:54 | Create | Villager (Male) |
| 3:55 | Create | Villager (Male) |
| 3:55 | Create | Villager (Male) |
| 3:58 | Build | House |
| 4:25 | Create | Villager (Male) |
| 4:34 | Build | Mill |
| 4:38 | Build | House |
| 5:03 | Create | Villager (Male) |
| 5:03 | Create | Villager (Male) |
| 5:03 | Create | Villager (Male) |
| 5:03 | Create | Villager (Male) |
| 5:20 | Build | Palisade Wall |
| 5:25 | Build | Palisade Wall |
| 5:28 | Create | Villager (Male) |
| 5:28 | Create | Villager (Male) |
| 5:28 | Create | Villager (Male) |
| 5:55 | Build | Palisade Gate |
| 5:58 | Create | Villager (Male) |
| 5:58 | Create | Villager (Male) |
| 5:58 | Create | Villager (Male) |
| 5:58 | Create | Villager (Male) |
| 6:12 | Create | Villager (Male) |
| 6:12 | Create | Villager (Male) |
| 6:21 | Create | Villager (Male) |
| 6:21 | Create | Villager (Male) |
| 6:22 | Create | Villager (Male) |
| 6:22 | Create | Villager (Male) |
| 6:51 | Build | House |
| 7:13 | Create | Villager (Male) |
| 7:24 | Build | House |
| 7:28 | Build | Mining Camp |
| 7:49 | Create | Villager (Male) |
| 7:49 | Create | Villager (Male) |
| 8:39 | Research | Feudal Age |
| 11:03 | Age | Feudal Age |
| 11:07 | Create | Villager (Male) |
| 11:07 | Create | Villager (Male) |
| 11:18 | Build | Market |
| 11:21 | Build | Blacksmith |
| 12:07 | Research | Castle Age |
| 12:08 | Research | Castle Age |
| 12:18 | Build | Lumber Camp |
| 12:42 | Research | Double-Bit Axe |
| 13:01 | Research | Horse Collar |
| 13:14 | Build | Farm |
| 13:20 | Build | Farm |
| 14:03 | Create | Villager (Male) |
| 14:47 | Age | Castle Age |
| 14:50 | Build | Town Center |
| 14:52 | Create | Villager (Male) |
| 14:52 | Create | Villager (Male) |
| 14:56 | Research | Bow Saw |
| 15:08 | Research | Heavy Plow |
| 15:10 | Create | Villager (Male) |
| 15:13 | Build | Farm |
| 15:22 | Build | Farm |
| 15:25 | Create | Villager (Male) |
| 15:49 | Create | Villager (Male) |
| 15:49 | Create | Villager (Male) |
| 15:49 | Create | Villager (Male) |
| 15:54 | Build | Farm |
| 15:57 | Create | Villager (Male) |
| 16:09 | Create | Villager (Male) |
| 16:09 | Create | Villager (Male) |
| 16:11 | Build | Farm |
| 16:14 | Build | Farm |
| 16:32 | Create | Villager (Male) |
| 16:32 | Create | Villager (Male) |
| 16:33 | Create | Villager (Male) |
| 16:39 | Build | Farm |
| 16:43 | Build | Farm |
| 16:49 | Build | Farm |
| 16:52 | Build | Farm |
| 16:54 | Create | Villager (Male) |
| 16:58 | Create | Villager (Male) |
| 17:10 | Create | Villager (Male) |
| 17:11 | Create | Villager (Male) |
| 17:31 | Create | Villager (Male) |
| 17:32 | Create | Villager (Male) |
| 17:47 | Build | Town Center |
| 18:00 | Research | Wheelbarrow |
| 18:09 | Build | House |
| 18:13 | Build | House |
| 18:17 | Create | Villager (Male) |
| 18:17 | Create | Villager (Male) |
| 18:18 | Create | Villager (Male) |
| 18:18 | Create | Villager (Male) |
| 18:27 | Build | Farm |
| 18:28 | Build | Farm |
| 18:30 | Build | Farm |
| 18:36 | Create | Villager (Male) |
| 18:49 | Build | Farm |
| 18:51 | Build | Farm |
| 18:55 | Build | Farm |
| 18:57 | Create | Villager (Male) |
| 19:00 | Create | Villager (Male) |
| 19:14 | Create | Villager (Male) |
| 19:14 | Create | Villager (Male) |
| 19:14 | Create | Villager (Male) |
| 19:27 | Create | Villager (Male) |
| 19:28 | Create | Villager (Male) |
| 19:28 | Create | Villager (Male) |
| 19:37 | Create | Villager (Male) |
| 19:48 | Build | Farm |
| 19:55 | Create | Villager (Male) |
| 19:56 | Create | Villager (Male) |
| 20:12 | Build | Town Center |
| 20:14 | Create | Villager (Male) |
| 20:15 | Create | Villager (Male) |
| 20:15 | Create | Villager (Male) |
| 20:22 | Build | House |
| 20:24 | Build | House |
| 20:25 | Create | Villager (Male) |
| 20:32 | Create | Villager (Male) |
| 20:32 | Create | Villager (Male) |
| 20:32 | Create | Villager (Male) |
| 20:36 | Build | Farm |
| 20:42 | Build | Farm |
| 20:44 | Build | Farm |
| 20:45 | Build | Farm |
| 20:50 | Create | Villager (Male) |
| 20:51 | Create | Villager (Male) |
| 20:55 | Build | Farm |
| 20:58 | Build | Farm |
| 20:59 | Build | Farm |
| 21:00 | Build | Farm |
Build order — inferior
First 150 of 398 actions detected
| 0:46 | Build | House |
| 0:49 | Build | House |
| 0:49 | Create | Villager (Male) ×4 |
| 0:49 | Create | Villager (Male) ×4 |
| 2:11 | Create | Villager (Male) |
| 2:37 | Build | Lumber Camp |
| 2:45 | Create | Villager (Male) |
| 2:45 | Create | Villager (Male) |
| 3:00 | Create | Villager (Male) |
| 3:00 | Create | Villager (Male) |
| 3:22 | Create | Villager (Male) |
| 3:22 | Create | Villager (Male) |
| 3:49 | Build | House |
| 3:57 | Create | Villager (Male) |
| 3:57 | Create | Villager (Male) |
| 4:19 | Create | Villager (Male) |
| 4:27 | Build | House |
| 4:40 | Create | Villager (Male) |
| 5:10 | Build | Mill |
| 5:34 | Create | Villager (Male) |
| 5:35 | Create | Villager (Male) |
| 5:52 | Create | Villager (Male) |
| 6:28 | Create | Villager (Male) |
| 7:36 | Build | Mining Camp |
| 7:43 | Create | Villager (Male) |
| 7:45 | Create | Villager (Male) |
| 7:45 | Create | Villager (Male) |
| 8:16 | Build | Barracks |
| 8:39 | Create | Villager (Male) |
| 8:41 | Research | Loom |
| 9:14 | Build | Farm |
| 9:24 | Build | House |
| 9:28 | Build | House |
| 9:42 | Research | Feudal Age |
| 10:05 | Build | Palisade Wall |
| 10:07 | Build | Palisade Wall |
| 10:45 | Build | House |
| 11:58 | Age | Feudal Age |
| 12:07 | Build | Archery Range |
| 12:11 | Build | House |
| 12:13 | Build | House |
| 12:25 | Create | Villager (Male) |
| 12:25 | Create | Villager (Male) |
| 12:46 | Build | Blacksmith |
| 12:53 | Build | Lumber Camp |
| 13:11 | Build | Stone Wall |
| 13:15 | Create | Archer |
| 13:16 | Create | Archer |
| 13:16 | Create | Archer |
| 13:17 | Create | Archer |
| 13:23 | Build | Stone Wall |
| 13:28 | Build | Farm |
| 13:30 | Research | Horse Collar |
| 13:55 | Build | Watch Tower |
| 14:07 | Build | House |
| 14:12 | Create | Villager (Male) |
| 14:36 | Build | Mining Camp |
| 14:52 | Research | Castle Age |
| 15:50 | Build | Farm |
| 16:01 | Build | Archery Range |
| 16:07 | Build | Stone Wall |
| 16:23 | Build | Stone Wall |
| 16:33 | Build | Stone Wall |
| 16:34 | Build | Stone Wall |
| 16:35 | Build | Stone Wall |
| 16:48 | Build | Stone Wall |
| 16:55 | Research | Fletching |
| 16:55 | Research | Fletching |
| 17:16 | Create | Villager (Male) |
| 17:32 | Age | Castle Age |
| 17:39 | Build | Siege Workshop |
| 17:44 | Create | Archer |
| 17:45 | Create | Archer |
| 17:57 | Build | Monastery |
| 18:00 | Build | Farm |
| 18:24 | Create | Mangonel |
| 18:28 | Build | House |
| 18:47 | Build | House |
| 18:48 | Build | House |
| 18:52 | Create | Villager (Male) |
| 19:06 | Create | Villager (Male) |
| 19:13 | Build | Farm |
| 19:24 | Build | Farm |
| 19:34 | Build | Farm |
| 19:49 | Create | Villager (Male) |
| 19:50 | Create | Villager (Male) |
| 20:10 | Create | Monk |
| 20:19 | Create | Mangonel |
| 20:21 | Create | Villager (Male) |
| 20:22 | Create | Villager (Male) |
| 20:50 | Create | Villager (Male) |
| 20:50 | Create | Villager (Male) |
| 21:25 | Build | Farm |
| 21:27 | Create | Villager (Male) |
| 21:43 | Create | Villager (Male) |
| 21:50 | Build | Town Center |
| 23:03 | Create | Villager (Male) |
| 23:03 | Create | Villager (Male) |
| 23:10 | Build | Farm |
| 23:13 | Build | Farm |
| 23:37 | Build | House |
| 23:53 | Build | Farm |
| 23:56 | Create | Villager (Male) |
| 23:56 | Create | Villager (Male) |
| 24:33 | Create | Villager (Male) |
| 24:34 | Create | Villager (Male) |
| 24:39 | Build | House |
| 24:41 | Build | House |
| 24:49 | Create | Villager (Male) |
| 25:51 | Build | Castle |
| 25:58 | Create | Villager (Male) |
| 25:59 | Create | Villager (Male) |
| 26:02 | Build | House |
| 26:40 | Create | Villager (Male) |
| 26:40 | Create | Villager (Male) |
| 26:56 | Create | Villager (Male) |
| 26:56 | Create | Villager (Male) |
| 27:09 | Build | Town Center |
| 27:33 | Build | Town Center |
| 27:49 | Research | Wheelbarrow |
| 28:00 | Build | Farm |
| 28:06 | Research | Double-Bit Axe |
| 28:06 | Research | Double-Bit Axe |
| 28:18 | Create | Villager (Male) |
| 28:34 | Create | Villager (Male) |
| 28:35 | Create | Villager (Male) |
| 28:49 | Create | Villager (Male) |
| 28:49 | Create | Villager (Male) |
| 28:56 | Build | Farm |
| 28:56 | Build | Farm |
| 28:57 | Build | Farm |
| 29:01 | Build | Farm |
| 29:02 | Build | Farm |
| 29:02 | Build | Farm |
| 29:03 | Build | Farm |
| 29:04 | Build | Farm |
| 29:05 | Build | Farm |
| 29:18 | Create | Villager (Male) |
| 29:27 | Create | Villager (Male) |
| 29:27 | Create | Villager (Male) |
| 29:28 | Create | Villager (Male) |
| 29:33 | Create | Villager (Male) |
| 29:49 | Build | Farm |
| 29:52 | Create | Villager (Male) |
| 30:01 | Create | Villager (Male) |
| 30:01 | Create | Villager (Male) |
| 30:08 | Research | Yeomen |
| 30:13 | Create | Villager (Male) |
| 30:13 | Create | Villager (Male) |
| 30:13 | Create | Villager (Male) |
Match timeline
| 4:52 | Brooony · wall_segment Palisade Wall x8 |
| 5:12 | Merkatroid · wall_segment Palisade Wall x5 |
| 5:20 | harry_mason · wall_segment Palisade Wall x3 |
| 5:25 | harry_mason · wall_segment Palisade Wall x3 |
| 8:16 | inferior · first_building Barracks |
| 8:33 | Wonky · wall_segment Palisade Wall x12 |
| 9:07 | AJ24061996 · first_building Barracks |
| 9:19 | Wonky · first_building Barracks |
| 10:05 | inferior · wall_segment Palisade Wall x2 |
| 10:07 | Wonky · age_up feudal |
| 10:07 | inferior · wall_segment Palisade Wall x1 |
| 10:27 | Cheuksin · age_up feudal |
| 10:35 | 三文鱼 · age_up feudal |
| 10:39 | Merkatroid · first_building Barracks |
| 11:03 | harry_mason · age_up feudal |
| 11:23 | Merkatroid · age_up feudal |
| 11:55 | Merkatroid · first_building Stable |
| 11:58 | inferior · age_up feudal |
| 12:07 | inferior · first_building Archery Range |
| 13:11 | inferior · wall_segment Stone Wall x7 |
| 13:23 | inferior · wall_segment Stone Wall x10 |
| 13:55 | AJ24061996 · first_building Stable |
| 13:57 | Brooony · wall_segment Palisade Wall x2 |
| 14:01 | Brooony · wall_segment Palisade Wall x1 |
| 14:03 | Brooony · wall_segment Palisade Wall x1 |
| 14:08 | Wonky · first_building Stable |
| 14:42 | 三文鱼 · age_up castle |
| 14:47 | harry_mason · age_up castle |
| 14:51 | 三文鱼 · first_building Siege Workshop |
| 15:10 | Merkatroid · age_up castle |
| 15:18 | Brooony · first_building Barracks |
| 15:48 | AJ24061996 · first_market_buy 100 food |
| 16:07 | inferior · wall_segment Stone Wall x3 |
| 16:23 | inferior · wall_segment Stone Wall x1 |
| 16:25 | Brooony · first_building Stable |
| 16:25 | Merkatroid · first_market_buy 100 stone |
| 16:33 | inferior · wall_segment Stone Wall x1 |
| 16:34 | inferior · wall_segment Stone Wall x1 |
| 16:35 | inferior · wall_segment Stone Wall x1 |
| 16:38 | 三文鱼 · first_building Monastery |
| 16:48 | inferior · wall_segment Stone Wall x1 |
| 16:56 | harry_mason · first_market_buy 100 food |
| 17:32 | inferior · age_up castle |
| 17:39 | inferior · first_building Siege Workshop |
| 17:41 | Wonky · age_up castle |
| 17:57 | inferior · first_building Monastery |
| 19:11 | Merkatroid · first_building Siege Workshop |
| 21:34 | Wonky · first_market_buy 100 stone |
| 21:46 | Wonky · first_building Castle |
| 22:17 | Cheuksin · age_up castle |
| 23:20 | Cheuksin · first_building Castle |
| 23:22 | Merkatroid · wall_segment Stone Wall x5 |
| 23:27 | Merkatroid · wall_segment Stone Wall x6 |
| 23:35 | harry_mason · first_building Barracks |
| 23:49 | AJ24061996 · first_building Castle |
| 23:59 | Wonky · wall_segment Stone Wall x14 |
| 24:30 | Merkatroid · first_building Castle |
| 25:39 | harry_mason · first_building Monastery |
| 25:46 | Merkatroid · wall_segment Stone Wall x14 |
| 25:50 | Merkatroid · wall_segment Stone Wall x10 |
| 25:51 | inferior · first_building Castle |
| 25:52 | 三文鱼 · first_building Barracks |
| 26:41 | Merkatroid · wall_segment Stone Wall x13 |
| 27:13 | Merkatroid · wall_segment Stone Wall x11 |
| 27:17 | Merkatroid · wall_segment Stone Wall x10 |
| 27:19 | 三文鱼 · first_building Stable |
| 28:14 | AJ24061996 · first_building Siege Workshop |
| 28:19 | Brooony · first_building Castle |
| 28:27 | harry_mason · first_building Castle |
| 28:32 | AJ24061996 · first_building Monastery |
| 28:41 | 三文鱼 · first_building Castle |
| 30:37 | Merkatroid · wall_segment Stone Wall x3 |
| 31:13 | Merkatroid · first_market_sell 100 food |
| 31:18 | harry_mason · age_up imperial |
| 31:56 | 三文鱼 · age_up imperial |
| 32:13 | Wonky · age_up imperial |
| 32:27 | Wonky · first_building Siege Workshop |
| 32:31 | Cheuksin · first_market_buy 100 stone |
| 33:34 | AJ24061996 · first_market_sell 100 wood |
| 33:58 | harry_mason · first_market_sell 500 wood |
| 34:26 | 三文鱼 · first_building Archery Range |
| 34:56 | Cheuksin · age_up imperial |
| 35:15 | AJ24061996 · first_building Archery Range |
| 35:36 | Merkatroid · wall_segment Stone Wall x5 |
| 35:38 | Merkatroid · wall_segment Stone Wall x1 |
| 36:21 | Cheuksin · first_building Siege Workshop |
| 36:23 | Merkatroid · age_up imperial |
| 37:17 | inferior · age_up imperial |
| 38:01 | Merkatroid · wall_segment Stone Wall x15 |
| 38:09 | Merkatroid · wall_segment Stone Wall x2 |
| 38:19 | Merkatroid · wall_segment Stone Wall x9 |
| 38:28 | harry_mason · first_building Archery Range |
| 38:43 | Cheuksin · first_market_sell 500 food |
| 41:37 | Brooony · first_market_buy 100 stone |
| 42:56 | Cheuksin · first_building Barracks |
| 43:15 | 三文鱼 · tribute_sent a jugador 1 |
| 43:15 | 三文鱼 · tribute_sent a jugador 2 |
| 43:15 | 三文鱼 · tribute_sent a jugador 3 |
| 43:15 | 三文鱼 · tribute_sent a jugador 5 |
| 43:15 | 三文鱼 · tribute_sent a jugador 6 |
| 43:15 | 三文鱼 · tribute_sent a jugador 7 |
| 43:15 | 三文鱼 · tribute_sent a jugador 8 |
| 43:18 | Brooony · first_market_sell 100 stone |
| 44:53 | Merkatroid · wall_segment Stone Wall x10 |
| 44:53 | Wonky · first_market_sell 100 food |
| 46:06 | Wonky · first_building Archery Range |
| 51:01 | Merkatroid · wall_segment Stone Wall x11 |
| 51:55 | 三文鱼 · tribute_sent a jugador 1 |
| 51:55 | 三文鱼 · tribute_sent a jugador 2 |
| 51:55 | 三文鱼 · tribute_sent a jugador 3 |
| 51:55 | 三文鱼 · tribute_sent a jugador 5 |
| 51:55 | 三文鱼 · tribute_sent a jugador 6 |
| 51:55 | 三文鱼 · tribute_sent a jugador 7 |
| 51:55 | 三文鱼 · tribute_sent a jugador 8 |
| 54:22 | Brooony · first_building Archery Range |
| 54:39 | 三文鱼 · wall_segment Stone Wall x10 |
| 54:44 | 三文鱼 · wall_segment Stone Wall x5 |
| 54:50 | AJ24061996 · tribute_sent a jugador 1 |
| 54:50 | AJ24061996 · tribute_sent a jugador 2 |
| 54:50 | AJ24061996 · tribute_sent a jugador 3 |
| 54:50 | AJ24061996 · tribute_sent a jugador 4 |
| 54:50 | AJ24061996 · tribute_sent a jugador 6 |
| 54:50 | AJ24061996 · tribute_sent a jugador 7 |
| 54:50 | AJ24061996 · tribute_sent a jugador 8 |
| 55:28 | 三文鱼 · wall_segment Stone Wall x9 |
| 56:36 | 三文鱼 · tribute_sent a jugador 1 |
| 56:36 | 三文鱼 · tribute_sent a jugador 2 |
| 56:36 | 三文鱼 · tribute_sent a jugador 3 |
| 56:36 | 三文鱼 · tribute_sent a jugador 5 |
| 56:36 | 三文鱼 · tribute_sent a jugador 6 |
| 56:36 | 三文鱼 · tribute_sent a jugador 7 |
| 56:36 | 三文鱼 · tribute_sent a jugador 8 |
| 59:53 | 三文鱼 · wall_segment Stone Wall x3 |
| 60:45 | AJ24061996 · resign |
[ AI ANALYSIS · 1 CREDIT ]
What really happened in this match?
Wolo.gg analyzes every decision: build order, eco, micro, common mistakes by bracket. Personalized analysis on WhatsApp or Discord in 30 seconds.
Civ guide
Burgundians
Perfil
Jugador #10447726